 Dungeon Crawl Stone Soup version 0.19.1 (webtiles) character file.

151 Firecrotchwizard the Conjurer (level 5, -2/28 HPs)
             Began as a Deep Elf Conjurer on Dec 9, 2016.
             Slain by a gnoll
             ... wielding a +0 flail
              (10 damage)
             ... on level 3 of the Dungeon.
             The game lasted 00:06:45 (1728 turns).

Firecrotchwizard the Conjurer (Deep Elf Conjurer)   Turns: 1728, Time: 00:06:46

Health: -2/28      AC:  4    Str:  5    XL:     5   Next: 11%
Magic:  1/12       EV: 13    Int: 21    God:
Gold:   84         SH:  3    Dex: 15    Spells: 3 memorised, 4 levels left

rFire  . . .     SeeInvis .     s - +0 spear
rCold  . . .     Gourm    .     a - +0 robe
rNeg   . . .     Faith    .     (no shield)
rPois  .         Spirit   .     (no helmet)
rElec  .         Reflect  +     (no cloak)
rCorr  .         Harm     .     (no gloves)
MR     .....                    n - +1 pair of boots
Stlth  ++........               o - +3 amulet of reflection
                                (no ring)
                                (no ring)

@: no status effects
A: no striking features
a: no special abilities


You were on level 3 of the Dungeon.
You were not hungry.

You visited 1 branch of the dungeon, and saw 3 of its levels.

You collected 84 gold pieces.

Inventory:

Hand Weapons
 e - a +0 dagger
 s - a +0 spear (weapon)
Missiles
 i - 15 poisoned needles
 q - 3 needles of sleeping
Armour
 a - a +0 robe (worn)
 n - a +1 pair of boots (worn)
Jewellery
 o - a +3 amulet of reflection (around neck)
Scrolls
 d - a scroll of blinking {unknown}
 g - a scroll of enchant weapon {unknown}
 h - 4 scrolls of identify
 m - a scroll of remove curse
 r - 3 scrolls of noise
Potions
 j - 2 potions of lignification
 k - a potion of agility {unknown}
 l - a potion of brilliance {unknown}
 p - 3 potions of resistance {unknown}
 t - a potion of cancellation {unknown}
 u - a potion of degeneration {unknown}
Books
 b - a book of Conjurations

   Spells                             Type                      Level
   a - Magic Dart                     Conjuration                  1
   b - Searing Ray                    Conjuration                  2
   c - Dazzling Spray                 Conjuration/Hexes            3
   d - Fulminant Prism                Conjuration/Hexes            4
   e - Iskenderun's Mystic Blast      Conjuration                  4
   f - Iskenderun's Battlesphere      Conjuration/Charms           5
Comestibles
 c - 5 bread rations
 f - 4 meat rations


   Skills:
 + Level 2.9 Dodging
 + Level 2.8 Stealth
 + Level 3.7 Spellcasting
 * Level 6.4 Conjurations


You had 4 spell levels left.
You knew the following spells:

 Your Spells              Type           Power        Failure   Level  Hunger
a - Magic Dart            Conj           ####         1%          1    None
b - Searing Ray           Conj           ####..       1%          2    ##.....
c - Iskenderun's Mystic   Conj           ####....     12%         4    ####...


Dungeon Overview and Level Annotations

Branches:
Dungeon (3/15)

Altars:


Message History

Press: ? - help, Shift-Dir - straight line, f - gnoll
Aim: a gnoll, wielding a flail (lightly wounded)
The magic dart hits the gnoll.
The gnoll is severely wounded.
The gnoll hits you with a flail!
Casting: Magic Dart
Confirm with . or Enter, or press ? or * to list all spells.
Aiming: Magic Dart
Press: ? - help, Shift-Dir - straight line, f/p - gnoll
Aim: a gnoll, wielding a flail (severely wounded)
The magic dart hits the gnoll.
The gnoll is almost dead.
You hit the gnoll but do no damage.
The gnoll is almost dead.
The gnoll hits you with a flail.
* * * LOW HITPOINT WARNING * * *
You hit the gnoll but do no damage.
The gnoll is almost dead.
The gnoll hits you with a flail!
You die...

#.#######
#.##...#
####.##...#
#.........#
#.........#
#.........#
####.######
#.# #@# #g#
#o# #o# #.#
#.# #.#
#########
#.#
..h.hhh..
#.#


You could see an orc wizard, a gnoll and an orc.

Vanquished Creatures
  An orc wizard (D:3)
  5 gnolls
  2 adders
  2 worms (D:2)
  A dart slug (D:1)
  2 leopard geckos
  3 bats (D:1)
  A giant cockroach (D:1)
  11 goblins
  5 hobgoblins
  4 jackals (D:3)
  4 kobolds
  5 frilled lizards
  3 rats
49 creatures vanquished.

Notes
Turn   | Place    | Note
-------+----------+-------------------------------------------
     0 | D:1      | Firecrotchwizard the Deep Elf Conjurer began the quest for the Orb.
     0 | D:1      | Reached XP level 1. HP: 10/10 MP: 6/6
   159 | D:1      | Reached XP level 2. HP: 15/15 MP: 2/8
   423 | D:1      | Reached skill level 5 in Conjurations
   707 | D:2      | Reached XP level 3. HP: 19/19 MP: 1/9
   777 | D:2      | Learned a level 2 spell: Searing Ray
   909 | D:2      | Reached XP level 4. HP: 24/24 MP: 0/11
  1428 | D:2      | Learned a level 4 spell: Iskenderun's Mystic Blast
  1651 | D:3      | Reached skill level 6 in Conjurations
  1713 | D:3      | Reached XP level 5. HP: 28/28 MP: 0/12
  1728 | D:3      | Slain by a gnoll

Skill      XL: |  1  2  3  4 |
---------------+-------------+-----
Conjurations   | 5 6 |  6.4
Dodging        | |  2.9
Stealth        | |  2.8
Spellcasting   | |  3.7

Action                   |  1- 3 |  4- 6 || total
-------------------------+-------+-------++-------
Melee: Spear             |       |     3 ||     3
 Cast: Magic Dart        |    52 |    47 ||    99
       Iskenderun's Myst |       |     1 ||     1
  Use: Scroll            |       |     6 ||     6
  Eat: Chunk             |       |     2 ||     2
Armor: Robe              |     1 |       ||     1
Dodge: Dodged            |     7 |       ||     7
